AoeStats
← Governor

Four Lakes

510266562Analyzed
1v1 RM · 1d ago on Sep 30, 2026· 44m 28s· 2 players
Game mode
Random Map
Map size
Tiny (2 player)
Population
200
Speed
Normal
Resources
Standard
Victory
Conquest
Starting age
Dark Age
Ending age
Imperial Age
RankedLock teamsTeams togetherTeam positionsShared explorationLock speedFull tech treeHidden civsTurbo modeCheats
Victory
Defeat
🇸🇰 Magyars · Slovakia
545
+7
🇨🇳 Vikings · China
323
-7
Governor
10:37 Feudal Age
11:38 Loom
13:33 Double-Bit Axe
13:43 Gold Mining
17:39 Loom
21:16 Castle Age
20:30 Scale Mail Armor
20:21 Fletching
23:26 Forging
25:20 Pikeman
26:57 Squires
27:29 Town Watch
30:27 Bodkin Arrow
31:17 Bow Saw
32:46 Stone Mining
33:33 Gold Shaft Mining
32:53 Crossbowman
37:14 Imperial Age
35:55 Padded Archer Armor
Riki
2:15 Loom
14:50 Feudal Age
19:15 Castle Age
17:35 Double-Bit Axe
17:50 Horse Collar
17:58 Fishing Lines
18:35 Stone Mining
18:36 Gold Mining
21:13 Bow Saw
22:06 Wheelbarrow
22:18 Gold Shaft Mining
21:53 Scale Barding Armor
21:58 Heavy Plow
21:52 Gillnets
22:15 Town Watch
24:29 Murder Holes
26:06 Scale Mail Armor
27:29 Chain Barding Armor
30:56 Imperial Age
27:59 Light Cavalry
29:56 Town Patrol
30:33 Ballistics
30:07 Fletching
30:18 Padded Archer Armor
30:33 Chain Mail Armor
32:43 Two-Man Saw
32:00 Masonry
31:40 Heated Shot
31:31 Treadmill Crane
32:29 Crop Rotation
32:30 Corvinian Army
33:07 Hoardings
32:23 Pikeman
32:48 Arson
33:44 Plate Barding Armor
33:05 Sappers
34:29 Leather Archer Armor
34:09 Bodkin Arrow
34:45 Elite Skirmisher
37:35 Elite Magyar Huszar
38:13 Onager
40:45 Ring Archer Armor
40:16 Bracer
40:40 Siege Engineers
Connection lost

Rejoining the realm…

Still unreachable

The connection could not be restored.

Session expired

The server has moved on; the page needs a fresh start.